 Dungeon Crawl Stone Soup version 0.30-a0-989-g0d87f670db (webtiles) character file.

Game seed: 558004244069480100

22 leviel the Trooper (level 2, -5/27 HPs)
             Began as a Hill Orc Fighter on Apr 3, 2023.
             Was a Follower of Cheibriados.
             Slain by Sigmund
             ... wielding a +0 scythe
              (8 damage)
             ... on level 2 of the Dungeon.
             The game lasted 00:01:19 (793 turns).

leviel the Trooper (Hill Orc Fighter)                Turns: 793, Time: 00:01:20

Health: -5/27      AC: 11    Str: 20    XL:     2   Next: 91%
Magic:  2/2        EV:  5    Int: 10    God:    Cheibriados [*.....]
Gold:   59         SH:  4    Dex: 12    Spells: 1/1 levels left

rFire   . . .      SeeInvis .    a - +0 war axe
rCold   . . .      Faith    .    c - +0 buckler
rNeg    . . .      Spirit   .    f - +0 plate armour
rPois   .          Reflect  .    (no helmet)
rElec   .          Rampage  .    (no cloak)
rCorr   .                        (no gloves)
Will    .....                    (no boots) Stlth
                                 (no amulet)
HPRegen 0.24/turn                (no ring)
MPRegen 0.08/turn                (no ring)

@: mighty, very slow
A: no striking features
a: Renounce Religion, Bend Time


You were on level 2 of the Dungeon.
You worshipped Cheibriados.
Cheibriados was aware of your devotion.
You visited 1 branch of the dungeon, and saw 2 of its levels.

You collected 59 gold pieces.

Inventory:

Hand Weapons
 a - a +0 war axe (weapon)
Armour
 b - a +0 scale mail
 c - a +0 buckler (worn)
 f - a +0 plate armour (worn)
Jewellery
 g - a ring of flight
Potions
 e - a potion of mutation {unknown}
 i - a potion of degeneration
 j - a potion of berserk rage {unknown}


   Skills:
 + Level 4.0 Fighting
 + Level 3.2 Axes
 + Level 3.6 Armour
 + Level 3.5 Shields


You had one spell level left.
You didn't know any spells.
Your spell library was empty.

Dungeon Overview and Level Annotations

Branches:
Dungeon (2/15)

Altars:
Cheibriados

Shops:
D:1 =

Annotations:
D:2 Sigmund


Message History

Sigmund casts a spell at you. The magic dart hits you.
A kobold comes into view. It is wielding a +0 club.
Sigmund points at you and mumbles some strange words.
You are confused.
The kobold throws a stone.
The stone hits you but does no damage.
Sigmund giggles. "Time to reap what you sow."
Sigmund hits you with a +0 scythe.
You closely miss Sigmund. Sigmund barely misses you.
A kobold comes into view. It is wielding a +0 whip.
You barely miss Sigmund.
You feel less confused. Sigmund barely misses you.
You feel very mighty all of a sudden. Sigmund gestures at you while chanting.
You are confused.
You slice the kobold!!
You kill the kobold!
Cheibriados thoroughly appreciates the change of pace.
You barely miss Sigmund.
Sigmund casts a spell.
Sigmund flickers and vanishes!
Deactivating autopickup; reactivate with Ctrl-A.
Your Fighting skill increases to level 4!
Something hits you.
Things that are here:
a +0 club; 4 stones; a kobold corpse Something hits you!
You miss the kobold. You closely miss something.
The kobold hits you but does no damage. Something hits you!
* * * LOW HITPOINT WARNING * * *
The kobold barely misses you.
You closely miss something. You miss the kobold.
You feel less confused. The kobold hits you but does no damage.
Something hits you but does no damage.
You completely miss something. You slash the kobold!
You kill the kobold!
Cheibriados appreciates the change of pace.
Something hits you!
You die...

#.############
#.#$.).......##
#.............###
#................
#..............#
#.!............#
#....){).......#
#.....@........#
##............##
##..?...<...##
#.##..###### #.
#.## # #.# #.#
..# .)


There were no monsters in sight!

Vanquished Creatures
  A ball python (D:1)
  An endoplasm (D:1)
  2 goblins (D:1)
  6 hobgoblins (D:1)
  A bat (D:1)
  A frilled lizard (D:1)
  7 kobolds
  3 rats
22 creatures vanquished.

Vanquished Creatures (others)
  6 plants (D:1)
  9 withered plants (D:1)
15 creatures vanquished.

Grand Total: 37 creatures vanquished

Notes
Turn   | Place    | Note
-------+----------+-------------------------------------------
     0 | D:1      | leviel the Hill Orc Fighter began the quest for the Orb.
     0 | D:1      | Reached XP level 1. HP: 19/19 MP: 1/1
    42 | D:1      | Found a faded altar of an unknown god.
   135 | D:1      | Reached XP level 2. HP: 27/27 MP: 2/2
   210 | D:1      | Found Tootaege's Jewellery Emporium.
   753 | D:1      | Prayed at the altar of an unknown god.
   753 | D:1      | Became a worshipper of Cheibriados the Contemplative
   753 | D:1      | Reached * piety under Cheibriados
   779 | D:2      | Noticed Sigmund
   789 | D:2      | Reached skill level 4 in Fighting
   793 | D:2      | Slain by Sigmund

Illustrated notes

Levels and vault maps discovered:
D:1:      dpeg_arrival_windows_large_door, layout_loops_ring,
          shapermc_ecumenical_altar_flowoftime, serial_shops, shop
D:2:      layout_rooms, nicolae_underground_beach, uniq_sigmund

Skill      XL: |  1  2 |
---------------+-------+-----
Axes           | 3 |  3.2
Fighting       | 4 |  4.0
Armour         | |  3.6
Shields        | |  3.5

Action                     || total
---------------------------++-------
  Melee: War axe           ||    81
    Use: Scroll            ||     3
         Potion            ||     1
 Armour: Scale mail        ||    12
         Plate armour      ||    13
  Dodge: Dodged            ||    22
  Block: Buckler           ||     9

Table legend: (Time is in decaauts)
 A = Elapsed time spent in this place.
 B = Non-inter-level travel time spent in this place.
 C = Inter-level travel time spent in this place.
 D = Time resting spent in this place.
 E = Time spent auto-exploring this place.
 F = Levels seen in this place.
 G = Mean time per level.
                   A        B        C        D        E       F      G
               +--------+--------+--------+--------+--------+-----+--------+
         Total |    835 |    801 |     34 |     37 |    568 |   2 |  417.5 |
       Dungeon |    835 |    801 |     34 |     37 |    568 |   2 |  417.5 |
               +--------+--------+--------+--------+--------+-----+--------+

Top non-repeatable levels by time:
     D:1: 816 daAuts
     D:2: 18 daAuts
